 Dungeon Crawl Stone Soup version 0.30.1-4-g462c640d31 (webtiles) character file.

Game seed: 5289982230423791406

5919 H0rd4k the Martial Artist (level 10, -6/64 HPs)
             Began as an Octopode Artificer on Sept 5, 2023.
             Was an Initiate of Gozag.
             Hit by a large rock thrown by a cyclops (21 damage)
             ... on level 11 of the Dungeon on Sept 11, 2023.
             The game lasted 00:17:42 (10324 turns).

H0rd4k the Martial Artist (Octopode Artificer)     Turns: 10324, Time: 00:17:42

Health: -6/64      AC:  5    Str: 18    XL:     10   Next: 83%
Magic:  16/16      EV: 15    Int: 17    God:    Gozag
Gold:   1263       SH:  0    Dex: 13    Spells: 11/17 levels left

rFire   . .          .
                       - Unarmed
rCold   . . .        a - orb of Uskayaw's Grace {light, rCorr Slay+6 Stlth+}
rNeg    + . .        (helmet restricted)
rPois   .            (no amulet)
rElec   .            v - ring of positive energy
rCorr   +            d - +6 ring of strength
SInv    .            F - +4 ring of protection
Will    .....        (no ring)
Stlth   ++           (no ring)
HPRegen 0.30/turn    (no ring)
MPRegen 0.15/turn    (no ring)
                     (no ring)

%: no passive effects
@: about to teleport, spiked, glowing, studying Staves
A: almost no armour, amphibious, 8 rings, camouflage 1, gelatinous body 1,
(nimble swimmer 1), tentacles
a: Renounce Religion, Potion Petition, Call Merchant, Bribe Branch


You were on level 11 of the Dungeon.
You worshipped Gozag.
Gozag was most pleased with you.
You visited 2 branches of the dungeon, and saw 12 of its levels.

You collected 1853 gold pieces.
You spent 516 gold pieces at shops.
You paid 74 gold pieces to Gozag.

Inventory:

Hand Weapons
 D - the +4 shortbow of Past Mistakes {heavy, Drain rPois rCorr Int+3}
   (You bought it in a shop on level 7 of the Dungeon)

   Int:       It affects your intelligence (+3).
   rPois:     It protects you from poison.
   rCorr:     It protects you from acid and corrosion.
   Drain:     It drains your maximum health when unequipped.
Missiles
 b - 22 poisoned darts
 s - 2 curare-tipped darts
Armour
 a - the orb of Uskayaw's Grace (worn) {light, rCorr Slay+6 Stlth+}
   (You bought it in a shop on level 4 of the Dungeon)

   Slay:      It affects your accuracy & damage with ranged weapons and melee
   (+6).
   rCorr:     It protects you from acid and corrosion.
   Stlth:     It makes you more stealthy.
Magical Staves
 t - a staff of fire
Jewellery
 d - a +6 ring of strength (right tentacle)
 v - a ring of positive energy (left tentacle)
 F - a +4 ring of protection (on tentacle)
 I - a ring of ice
Wands
 q - a wand of paralysis (7)
 y - a wand of polymorph (9)
 B - a wand of roots (7)
 C - a wand of quicksilver (4)
 E - a wand of digging (2)
Scrolls
 c - a scroll of torment {unknown}
 e - 2 scrolls of vulnerability {unknown}
 g - a scroll of poison {unknown}
 h - 2 scrolls of teleportation
 j - 2 scrolls of enchant armour
 k - 4 scrolls of silence
 m - 2 scrolls of amnesia
 o - a scroll of brand weapon
 u - a scroll of enchant weapon
 w - 2 scrolls of noise
 z - 4 scrolls of fog {unknown}
Potions
 f - 4 potions of flight
 i - a potion of magic
 l - 3 potions of haste {unknown}
 n - a potion of curing
 p - 4 potions of attraction
 r - 2 potions of brilliance
 x - 4 potions of heal wounds {unknown}
 A - a potion of might {unknown}
 G - a potion of degeneration {unknown}
 H - 2 potions of invisibility {unknown}


   Skills:
 + Level 4.3 Fighting
 + Level 6.4 Dodging
 - Level 1.3 Stealth
 - Level 9.0 Unarmed Combat
 * Level 4.1 Spellcasting
 - Level 3.5 Conjurations
 - Level 3.5 Translocations
 + Level 3.5 Air Magic
 + Level 8.6 Evocations


You had 11 spell levels left.
You knew the following spells:

 Your Spells              Type           Power      Damage    Failure   Level
a - Blink                 Tloc           30%        N/A       5%          2
b - Swiftness             Air            15%        N/A       11%         3
c - Shock                 Conj/Air       60%        1d6       3%          1

Your spell library contained the following spells:

 Spells                   Type           Power      Damage    Failure   Level
 Apportation              Tloc           30%        N/A       3%          1
 Lesser Beckoning         Tloc           30%        N/A       5%          2
 Momentum Strike          Conj/Tloc      30%        3d8       5%          2
 Poisonous Vapours        Pois/Air       18%        N/A       12%         2
 Necrotise                Necr           12%        1d4       16%         1
 Summon Small Mammal      Summ           12%        N/A       16%         1
 Mephitic Cloud           Conj/Pois/Air  11%        N/A       19%         3
 Hailstorm                Conj/Ice       9%         3d4       22%         3
 Ensorcelled Hibernation  Hex/Ice        6%         N/A       24%         2
 Passwall                 Tmut/Erth      2%         N/A       24%         2
 Airstrike                Air            7%         2d(2-18)  36%         4
 Frozen Ramparts          Ice            6%         1d1       43%         3
 Ice Form                 Ice/Tmut       3%         N/A       83%         4
 Summon Ice Beast         Ice/Summ       3%         N/A       83%         4
 Freezing Cloud           Conj/Ice/Air   5%         6-21      86%         5
 Simulacrum               Ice/Necr       Unusable   N/A       N/A         6

Dungeon Overview and Level Annotations

Branches:
Dungeon (11/15)            Temple (1/1) D:5
   Lair: D:8-11         Orc: D:9-12

Altars:
Ashenzari
Cheibriados
Dithmenos
Elyvilon
Fedhas
Gozag
Hepliaklqana
Kikubaaqudgha
Makhleb
Nemelex Xobeh
Okawaru
Qazlal
Ru
Sif Muna
Trog
Uskayaw
Vehumet
Wu Jian
Xom
Yredelemnul
Zin
The Shining One

Shops:
D:4 [[!(   D:7 (   D:8 ?

Annotations:
D:2 Terence
D:3 Robin
D:6 Edmund
D:7 Joseph
D:8 Maurice


Innate Abilities, Weirdness & Mutations

You cannot wear most types of armour.
You are amphibious.
You can wear up to eight rings at the same time.
Your skin changes colour to match your surroundings (Stealth+).
Your rubbery body absorbs attacks. (AC +1, EV +1)
((You are camouflaged when in or above water. (Stealth+)))
You have tentacles for arms and can constrict up to eight enemies at once.


Message History

You hear an angry buzzing noise. x2
The centaur warrior wields a +0 shortbow.
The centaur warrior shoots an arrow.
The arrow hits you. The killer bee stings you.
A killer bee comes into view.
The manticore flicks its tail.
The volley of spikes hits you.
The barbed spikes become lodged in your body.
The barbs in your skin will harm you if you move.
Continue?
Okay, then.
The barbs in your skin will harm you if you move.
Continue?
Okay, then.
Unknown command.
The killer bee closely misses you.
The centaur warrior shoots an arrow.
The arrow misses you.
The centaur warrior wields a +0 shortbow.
The centaur warrior shoots an arrow.
The arrow hits you!
The manticore flicks its tail.
The volley of spikes hits you!
The barbed spikes become lodged in your body.
The skeletal warrior hits you with a +0 short sword!!
* * * LOW HITPOINT WARNING * * *
The killer bee barely misses you.
The deep elf pyromancer gestures wildly while chanting.
The deep elf pyromancer blinks!
You hear an angry buzzing noise.
Okay, then.
Cast which spell? (? or * to list)
Okay, then.
Okay, then.
You feel better.
Your surroundings seem slightly different.
Found a weird smoking staff.
The boggart gestures wildly while chanting.
Unknown command.
As you read the scroll of teleportation, it crumbles to dust.
You feel strangely unstable.
The cyclops throws a large rock.
The large rock hits you!!
You die...
Your body crumbles into a pile of gold.

#.#
######.#####
#|..#...#[. #
#.#.#...#.#.#
#@.CHc.g....#
$
#..###.###..#
#...#...#...#
###.#y<<#.#
#C..#[..#...#
#. ###c### .#
#...Cz..Cy..#
#.#.#...#.#.#
#=..#.y.#C.[#


You could see a skeletal warrior, 2 centaur warriors, a manticore, 3 cyclopes, a
boggart and a killer bee.

Vanquished Creatures
  A two-headed ogre (D:9)
  A cyclops (D:10)
  A hornet (D:9)
  Prince Ribbit (D:7)
  A wraith (D:9)
  6 yaks (D:9)
  A wyvern (D:8)
  2 acid dragons
  4 water moccasins
  Duvessa (D:7)
  4 orc warriors
  An ice beast (D:7)
  3 centaurs
  2 phantoms
  Blork the orc (D:4)
  A kobold brigand (D:9)
  2 bullfrogs
  2 scorpions
  Dowan (D:7)
  4 killer bees (D:10)
  3 howler monkeys
  A hound (D:6)
  2 jellies
  4 orc priests
  Ijyb (D:4)
  2 iguanas
  11 orc wizards
  11 adders
  A gnoll (D:2)
  2 worms
  A dart slug (D:4)
  29 orcs
  8 ball pythons
  6 bats
  6 endoplasms
  3 giant cockroaches
  10 hobgoblins
  3 quokkas
  3 frilled lizards
  13 goblins
  10 kobolds
  2 rats
172 creatures vanquished.

Vanquished Creatures (collateral kills)
  Menkaure (D:7)
  A howler monkey (D:6)
  A hound (D:7)
  2 orc priests
  3 orc wizards
  7 orcs
  A giant cockroach (D:3)
  A goblin (D:3)
  3 kobolds (D:7)
20 creatures vanquished.

Vanquished Creatures (others)
  An orc warrior (D:9)
  A kobold brigand (D:7)
  An orc priest (D:3)
  A kobold (D:7)
4 creatures vanquished.

Grand Total: 196 creatures vanquished

Notes
Turn   | Place    | Note
-------+----------+-------------------------------------------
     0 | D:1      | H0rd4k the Octopode Artificer began the quest for the Orb.
     0 | D:1      | Reached XP level 1. HP: 13/13 MP: 1/1
   193 | D:1      | Reached XP level 2. HP: 15/18 MP: 2/2
   941 | D:2      | Reached skill level 1 in Unarmed Combat
   941 | D:2      | Reached XP level 3. HP: 22/23 MP: 3/3
   988 | D:2      | Noticed Terence
  1149 | D:2      | Reached XP level 4. HP: 27/28 MP: 4/4
  1664 | D:2      | Identified the +3 leather armour "Ynguqacw" {rElec Int+5
                  | Dex-5}
  1809 | D:3      | Reached skill level 2 in Unarmed Combat
  1809 | D:3      | Reached XP level 5. HP: 22/33 MP: 5/5
  2034 | D:3      | Noticed Robin
  2068 | D:4      | Noticed a water moccasin
  2220 | D:4      | Noticed Ijyb
  2223 | D:4      | Killed Ijyb
  2224 | D:4      | Reached skill level 3 in Unarmed Combat
  2308 | D:4      | Found Kumyusmi's Antique Armour Boutique.
  2310 | D:4      | Found Saomafou's Antique Armour Boutique.
  2312 | D:4      | Found Vew Lux's Antique Weapon Boutique.
  2312 | D:4      | Found Bienlaso's Distillery.
  2375 | D:4      | Killed a water moccasin
  2376 | D:4      | Reached XP level 6. HP: 39/39 MP: 6/6
  2385 | D:4      | Noticed Blork the orc
  2394 | D:4      | Killed Blork the orc
  2395 | D:4      | Reached skill level 4 in Unarmed Combat
  3186 | D:3      | Found a hide-covered altar of Uskayaw.
  3319 | D:5      | Entered Level 5 of the Dungeon
  3535 | D:5      | Reached XP level 7. HP: 41/45 MP: 7/7
  3673 | D:5      | Reached skill level 5 in Unarmed Combat
  3779 | D:5      | Found an ancient bone altar of Kikubaaqudgha.
  3779 | D:5      | Found a blossoming altar of Fedhas.
  3811 | D:5      | Found a staircase to the Ecumenical Temple.
  3847 | Temple   | Entered the Ecumenical Temple
  3964 | Temple   | Became a worshipper of Gozag Ym Sagoz the Greedy
  4059 | D:5      | Reached skill level 5 in Evocations
  4939 | D:6      | Reached skill level 6 in Unarmed Combat
  4939 | D:6      | Reached XP level 8. HP: 19/51 MP: 8/8
  5427 | D:6      | Reached skill level 5 in Dodging
  5427 | D:6      | Reached skill level 7 in Unarmed Combat
  5694 | D:6      | Found a radiant altar of Vehumet.
  5697 | D:6      | Found a shimmering altar of Xom.
  5809 | D:6      | Noticed Edmund
  5974 | D:6      | Identified a scroll of acquirement
  5974 | D:6      | Acquired 681 gold pieces
  6061 | D:4      | Bought a scorched orb for 308 gold pieces
  6061 | D:4      | Identified the orb of Uskayaw's Grace {light, rCorr Slay+6
                  | Stlth+} (You bought it in a shop on level 4 of the Dungeon)
  6140 | D:7      | Found Deodur's Antique Weapon Shop.
  6156 | D:7      | Bought a polished shortbow for 208 gold pieces
  6156 | D:7      | Identified the +4 shortbow of Past Mistakes {heavy, Drain
                  | rPois rCorr Int+3} (You bought it in a shop on level 7 of
                  | the Dungeon)
  6204 | D:7      | Noticed Dowan
  6211 | D:7      | Noticed Duvessa
  6220 | D:7      | Killed Duvessa
  6243 | D:7      | Killed Dowan
  6389 | D:7      | Noticed Prince Ribbit
  6397 | D:7      | Killed Prince Ribbit
  6398 | D:7      | Reached skill level 8 in Unarmed Combat
  6398 | D:7      | Reached XP level 9. HP: 44/57 MP: 9/9
  6500 | D:7      | Killed Menkaure
  6755 | D:7      | Noticed Joseph
  6826 | D:7      | Reached skill level 9 in Unarmed Combat
  7289 | D:7      | Learned a level 2 spell: Blink
  7293 | D:7      | Learned a level 3 spell: Swiftness
  7295 | D:7      | Learned a level 1 spell: Shock
  7560 | D:8      | Reached skill level 1 in Conjurations
  7560 | D:8      | Reached skill level 1 in Translocations
  7560 | D:8      | Reached skill level 1 in Air Magic
  7562 | D:8      | Reached skill level 1 in Spellcasting
  7801 | D:8      | Found Evafin's Magic Scroll Emporium.
  7929 | D:8      | Noticed Maurice
  8148 | D:9      | Reached XP level 10. HP: 43/63 MP: 13/13
  8922 | D:9      | Noticed a two-headed ogre
  8934 | D:9      | Killed a two-headed ogre
  9490 | D:10     | Entered Level 10 of the Dungeon
  9568 | D:10     | Noticed a cyclops
  9577 | D:10     | Killed a cyclops
 10318 | D:11     | Noticed a cyclops
 10318 | D:11     | Noticed a deep elf pyromancer
 10318 | D:11     | Noticed a centaur warrior
 10318 | D:11     | Noticed a cyclops
 10318 | D:11     | Noticed a centaur warrior
 10318 | D:11     | Noticed a skeletal warrior
 10318 | D:11     | Noticed a cyclops
 10318 | D:11     | Noticed a manticore
 10324 | D:11     | Hit by a large rock thrown by a cyclops

Illustrated notes

Levels and vault maps discovered:
D:1:      ncdulo_lavacross, layout_loops_ring, kennysheep_nondescript,
          minmay_ruptured
D:2:      layout_loops_ring, minmay_diced_spiral, uniq_terence
D:3:      layout_rooms, mainiacjoe_overflow_paths, uniq_robin
D:4:      layout_basic, minmay_shop_grid_forest, nicolae_goblin_pals,
          uniq_blork_the_orc
D:5:      layout_basic, grunt_temple_overflow_growth_and_decay,
          minmay_temple_entry_large_hall, corexii_shack
D:6:      layout_loops_corners, minitemple, uniq_edmund
D:7:      layout_loops_cross, serial_shops, shop, uniq_joseph, uniq_menkaure,
          uniq_prince_ribbit1, uniq_duvessa
D:8:      layout_loops_cross, serial_shops, nicolae_shop_tiny_waterfront,
          minmay_misc_feat_pillars, uniq_maurice
D:9:      layout_layer_cave, hangedman_decor_points
D:10:     layout_loops_ring
D:11:     minmay_ambush_box, layout_basic, erik_lair_island,
          gammafunk_ghost_ooze, minivault_16
Temple:   bh_familiar_temple

Skill      XL: |  1  2  3  4  5  6  7  8  9 10 |
---------------+-------------------------------+-----
Unarmed Combat | 1 2 3 4 6 8 9 |  9.0
Evocations     | 4 5 6 7 8 |  8.6
Dodging        | 3 4 5 6 |  6.4
Fighting       | 2 3 4 |  4.3
Conjurations   | 2 3 |  3.5
Translocations | 2 3 |  3.5
Air Magic      | 2 3 |  3.5
Spellcasting   | 2 4 |  4.1
Stealth        | |  1.3

Action                     |  1- 3 |  4- 6 |  7- 9 | 10-12 || total
---------------------------+-------+-------+-------+-------++-------
  Melee: Unarmed           |    81 |   140 |   164 |    48 ||   433
         Constrict         |    22 |    30 |    32 |    11 ||    95
         Tentacles         |    16 |    31 |    43 |    17 ||   107
         Punch             |     2 |     5 |    12 |     6 ||    25
  Evoke: Wand              |     2 |    16 |    34 |    16 ||    68
    Use: Scroll            |       |       |    12 |     2 ||    14
         Potion            |       |       |     2 |     1 ||     3
   Stab: Sleeping          |     6 |     7 |     4 |     1 ||    18
         Paralysed         |       |     3 |    24 |     8 ||    35
 Armour: Skin              |     3 |     5 |     4 |     5 ||    17
  Dodge: Dodged            |    46 |    72 |    61 |    29 ||   208
